AoeStats
← CTC boohoodman

Arena

510228276Analyzed
2v2 RM · 20h ago on Sep 30, 2026· 35m 55s· 4 players
Game mode
Random Map
Map size
Medium (4 player)
Population
200
Speed
Normal
Resources
Standard
Victory
Conquest
Starting age
Dark Age
Ending age
Imperial Age
RankedLock teamsTeams togetherTeam positionsShared explorationLock speedFull tech treeHidden civsTurbo modeCheats
Victory
Defeat
🇲🇽 Spanish · Mexico
1201
+12
🇺🇸 Poles · United States
1142
+15
🇺🇸 Malay · United States
1119
-14
🇺🇸 Malians · United States
1109
-13
Mystburn
10:36 Feudal Age
14:13 Castle Age
12:57 Double-Bit Axe
13:40 Loom
21:04 Fletching
LkASr
10:42 Feudal Age
14:49 Castle Age
13:31 Stone Mining
14:13 Double-Bit Axe
16:33 Fletching
20:15 Loom
27:01 Horse Collar
27:45 Gold Mining
28:37 Heavy Plow
33:03 Imperial Age
31:43 Bow Saw
32:35 Szlachta Privileges
KeenWallaby
11:55 Feudal Age
12:57 Loom
15:50 Castle Age
13:39 Double-Bit Axe
15:01 Horse Collar
16:21 Scale Barding Armor
16:24 Gold Mining
20:09 Fletching
20:21 Padded Archer Armor
28:27 Bodkin Arrow
CTC boohoodman
11:02 Feudal Age
14:33 Castle Age
14:41 Loom
15:45 Gold Mining
30:59 Imperial Age
33:51 Forging
35:23 Iron Casting
Connection lost

Rejoining the realm…

Still unreachable

The connection could not be restored.

Session expired

The server has moved on; the page needs a fresh start.